 Dungeon Crawl Stone Soup version 0.32-a0-928-g1cae6b7ea0 (webtiles) character file.

Game seed: 7649216064225888897

238409 ViolentViolet the Marksdemonspawn (level 18, -10/120 HPs)
             Began as a Demonspawn Alchemist on Apr 12, 2024.
             Was the Champion of Hepliaklqana.
             Mangled by a vault warden
             ... wielding a +0 long sword
              (31 damage)
             ... on level 3 of the Vaults on Apr 13, 2024.
             The game lasted 03:17:31 (38153 turns).

ViolentViolet the Marksdemonspawn (DsAl)           Turns: 38153, Time: 03:17:31

Health: -10/120    AC: 16    Str:  9    XL:     18   Next: 99%
Magic:  25/25      EV: 15    Int: 18    God:    Hepliaklqana [******]
Gold:   3056       SH: 20    Dex: 28    Spells: 2/27 levels left

rFire   + . .        b - +9 hand cannon (freeze)
rCold   + . .        q - +0 kite shield
rNeg    + . .        J - +0 troll leather armour
rPois   +            o - +0 hat of Hopscotch {rN+ Will+}
rElec   .            O - scarf of the Sheltering Gods {rC+ rF+, rPois Dex+3}
rCorr   .            u - +1 pair of gloves
SInv    .            (boots unavailable)
Will    ++...        (no amulet)
Stlth   ++++         n - +6 ring of dexterity
HPRegen 1.20/turn    H - +4 ring of protection
MPRegen 0.19/turn

%: no passive effects
@: no status effects
A: reduced essence, hooves 3, thin metallic scales 2, icemail 1, condensation
shield, demonic magic 2
}: 1/15 runes: gossamer
a: Renounce Religion, Recall Ancestor, Ancestor Identity, Transference, Idealise


You were on level 3 of the Vaults.
You worshipped Hepliaklqana.
Hepliaklqana was exalted by your worship.
You visited 6 branches of the dungeon, and saw 31 of its levels.
You visited the Abyss 1 time.
You also visited: Ossuary, Bailey and Ice Cave.

You collected 3137 gold pieces.
You spent 81 gold pieces at shops.

Inventory:

Hand Weapons
 a - a +2 quick blade of freezing
 b - a +9 hand cannon of freezing (weapon)
Missiles
 r - 5 throwing nets
 S - 3 curare-tipped darts
Armour
 o - the +0 hat of Hopscotch (worn) {rN+ Will+}
   (You found it on level 1 of the Orcish Mines)

   rN+:       It protects you from negative energy.
   Will+:     It increases your willpower.
 q - a +0 kite shield (worn)
 u - a +1 pair of gloves (worn)
 F - the +5 ring mail "Xaengux" {rN++}
   (You found it on level 3 of the Spider Nest)

   rN++:      It greatly protects you from negative energy.
 J - a +0 troll leather armour (worn)
 O - the scarf of the Sheltering Gods (worn) {rC+ rF+, rPois Dex+3}
   (You found it on level 8 of the Dungeon)

   Dex+3:     It affects your dexterity (+3).
   rPois:     It protects you from poison.
Jewellery
 h - a ring of fire
 n - a +6 ring of dexterity (left hand)
 H - a +4 ring of protection (right hand)
 Z - an amulet of regeneration
Wands
 A - a wand of flame (24)
 Q - a wand of digging (13)
 R - a wand of charming (15)
 T - a wand of iceblast (19)
 X - a wand of mindburst (15)
 Y - a wand of polymorph (6)
Scrolls
 e - 3 scrolls of fog
 g - 2 scrolls of enchant armour {unknown}
 j - 4 scrolls of revelation
 k - 2 scrolls of torment {unknown}
 m - 4 scrolls of poison
 t - 3 scrolls of vulnerability
 v - 6 scrolls of immolation
 w - 4 scrolls of teleportation
 D - 3 scrolls of fear
 E - a scroll of summoning {unknown}
 L - 2 scrolls of blinking {unknown}
 N - 4 scrolls of enchant weapon
 U - 5 scrolls of silence
Potions
 c - 13 potions of curing
 d - 2 potions of cancellation
 f - 3 potions of brilliance
 i - 5 potions of magic
 l - a potion of berserk rage
 p - 2 potions of heal wounds
 s - 5 potions of enlightenment
 x - 5 potions of lignification
 B - 8 potions of haste
 C - 2 potions of attraction
 G - 5 potions of ambrosia
 I - 4 potions of might
 M - 2 potions of invisibility
 V - 5 potions of mutation
 W - 2 potions of resistance
Miscellaneous
 z - a phial of floods
 K - a phantom mirror
 P - a tin of tremorstones (1/2)


   Skills:
 + Level 9.8 Fighting
 - Level 7.0 Short Blades
 + Level 17.7 Ranged Weapons
 - Level 3.2 Throwing
 - Level 4.1 Armour
 - Level 6.0 Dodging
 - Level 5.3 Stealth
 - Level 15.1 Shields
 - Level 5.0 Spellcasting
 - Level 4.0 Conjurations
 - Level 5.0 Translocations
 - Level 7.0 Fire Magic
 - Level 8.0 Air Magic
 - Level 5.2 Earth Magic
 - Level 10.0 Alchemy
 - Level 10.0 Invocations
 - Level 4.0 Evocations


You had 2 spell levels left.
You knew the following spells:

 Your Spells              Type           Power      Damage    Failure   Level
a - Sting                 Conj/Alch      100%       1d9       2%          1
b - Mercury Vapours       Alch/Air       72%        N/A       1%          2
c - Mephitic Cloud        Conj/Alch/Air  30%        N/A       6%          3
d - Swiftness             Air            33%        N/A       4%          3
e - Olgreb's Toxic Radia  Alch           40%        N/A       6%          4
f - Stone Arrow           Conj/Erth      42%        3d9       19%         3
g - Passwall              Erth           23%        N/A       14%         3
h - Blink                 Tloc           44%        N/A       8%          2
i - Ignite Poison         Fire/Alch      35%        N/A       12%         4

Your spell library contained the following spells:

 Spells                   Type           Power      Damage    Failure   Level
 Shock                    Conj/Air       100%       1d9       3%          1
 Scorch                   Fire           58%        2d7       3%          2
 Apportation              Tloc           44%        N/A       4%          1
 Sandblast                Erth           46%        2d11      4%          1
 Magic Dart               Conj           72%        1d6       8%          1
 Necrotise                Necr           16%        1d4       36%         1
 Summon Small Mammal      Summ           16%        N/A       36%         1
 Call Imp                 Summ           8%         N/A       52%         2
 Ensorcelled Hibernation  Hex/Ice        8%         N/A       52%         2
 Sublimation of Blood     Necr           4%         N/A       52%         2
 Sticky Flame             Fire/Alch      35%        2d7       12%         4
 Alistair's Intoxication  Alch           26%        N/A       19%         5
 Flame Wave               Conj/Fire      24%        2d8       38%         4
 Dazzling Flash           Conj/Hex       22%        N/A       45%         3
 Brom's Barrelling Bould  Conj/Erth      21%        2d4       52%         4
 Iskenderun's Mystic Bla Conj/Tloc 20%            2d6        (+2d3     52%         4
 Irradiate                Conj/Alch      14%        3d16      52%         5
 Summon Lightning Spire   Summ/Air       18%        N/A       58%         4
 Summon Blazeheart Golem  Fire/Summ      17%        N/A       67%         4
 Eringya's Noxious Bog    Alch           20%        4d6       69%         6
 Call Canine Familiar     Summ           4%         N/A       75%         3
 Sigil of Binding         Hex            4%         N/A       75%         3
 Tukima's Dance           Hex            4%         N/A       75%         3
 Fireball                 Conj/Fire      12%        3d7       75%         5
 Animate Armour           Summ/Erth      26%        N/A       80%         4
 Dimensional Bullseye     Hex/Tloc       6%         N/A       80%         4
 Iskenderun's Battlesphe  Conj           18%        2d7       91%         5
 Silence                  Hex/Air        9%         N/A       91%         5
 Borgnjor's Vile Clutch   Necr/Erth      6%         N/A       98%         5
 Summon Forest            Summ/Tloc      6%         N/A       98%         5
 Conjure Ball Lightning   Conj/Air       13%        3x3d6     99%         6
 Curse of Agony           Necr           4%         N/A       100%        5
 Death Channel            Necr           2%         N/A       100%        6
 Sculpt Simulacrum        Ice/Alch       11%        N/A       100%        6
 Summon Cactus Giant      Summ           2%         N/A       100%        6
 Orb of Destruction       Conj           9%         9d6       100%        7
 Ozocubu's Refrigeration  Ice            2%         4d7       100%        7
 Summon Hydra             Summ           2%         N/A       100%        7
 Ignition                 Fire           14%        3d6       100%        8
 Lehudib's Crystal Spear  Conj/Erth      10%        10d4      100%        8
 Polar Vortex             Ice            2%         N/A       100%        9


Dungeon Overview and Level Annotations

Branches:
Dungeon (15/15)            Temple (1/1) D:7            Lair (5/5) D:8
  Swamp (0/4) Lair:2       Spider (4/4) Lair:2        Slime (0/5) Lair:5
    Orc (2/2) D:11            Elf (0/3) Orc:2        Vaults (4/5) D:13
  Crypt (0/3) Vaults:2    Ossuary (visited)          Bailey (visited)
  IceCv (visited)
 Depths: D:15

Altars:
Ashenzari
Cheibriados
Dithmenos
Fedhas
Gozag
Hepliaklqana
Kikubaaqudgha
Makhleb
Nemelex Xobeh
Okawaru
Qazlal
Ru
Sif Muna
Trog
Uskayaw
Vehumet
Wu Jian
Xom
Yredelemnul
Jiyva

Shops:
D:12 *   Orc:1 *   Orc:2 [([[

Annotations:
D:3 exclusion: downstairs
D:5 Menkaure
D:7 exclusion: downstairs
D:11 exclusion: downstairs
D:14 exclusion: 2 downstairs, Azrael
Lair:1 3 runed translucent doors, Vuorerch's ghost, journeyman DECj; Xoff's ghost, journeyman GnCj
Orc:1 1 transporter
Orc:2 exclusion: upstairs
Vaults:1 exclusion: 2 downstairs
Vaults:2 3 runed translucent doors, exclusion: downstairs, Fieg's ghost, veteran HuWn


Innate Abilities, Weirdness & Mutations

Your life essence is reduced to manifest your ancestor. (-10% HP)
You have hooves in place of feet.
You are mostly covered in thin metallic scales. (AC +3)
A meltable icy envelope protects you from harm. (AC +4)
A meltable shield of frost defends you. (SH +4)
Spells you cast may paralyse nearby enemies.


Message History

You block the vault warden's attack.
The vault guard hits you but does no damage.
Yui blocks the war gargoyle's attack.
Unknown command.
You shoot a slug.
The slug hits the war gargoyle but does no damage.
The war gargoyle is almost destroyed.
Yui hits the war gargoyle but does no damage.
Yui hits the vault warden but does no damage.
Yui hits the vault guard with a +0 broad axe of flaming.
Yui burns the vault guard.
Yui blocks the war gargoyle's attack.
The vault warden hits you but does no damage.
You block the vault guard's attack.
You shoot a slug.
The slug hits the war gargoyle but does no damage.
The war gargoyle is almost destroyed.
The war gargoyle launches metal splinters at you.
The spray of metal splinters hits you!
* * * LOW HITPOINT WARNING * * *
Yui hits the war gargoyle but does no damage.
Yui misses the vault guard.
Yui hits the vault warden with a +0 broad axe of flaming!
Yui burns the vault warden.
The vault warden completely misses you. You block the vault guard's attack.
The war gargoyle hits you with a +2 morningstar of protection!
* * * LOW HITPOINT WARNING * * *
You shoot a slug. The slug hits the war gargoyle.
The war gargoyle is almost destroyed.
The war gargoyle hits you with a +2 morningstar of protection.
* * * LOW HITPOINT WARNING * * *
You block the vault warden's attack. You block the vault guard's attack.
Yui hits the war gargoyle but does no damage.
Yui barely misses the vault guard.
Yui hits the vault warden with a +0 broad axe of flaming!
Yui burns the vault warden.
You shoot a slug. The slug hits the war gargoyle!!
You destroy the war gargoyle!
The vault warden hits you with a +0 long sword!!
You die...
Hepliaklqana delivers you to your ancestors.

#..#^#...#^#..#
#..###..^###..#
#.....|.......#
#.............#
############+###########
........................
........................
...............○Rp......
................@p.)....
####'###################
#......# #......#
#......# #......#
#..)...# #......#
#......#


You could see the friendly Yui the knight, a vault warden (ally target) and a
vault guard.

Vanquished Creatures
  Nikola (Vaults:1)
  Arachne (Spider:3)
  Agnes (D:14)
  A fire giant (Vaults:1)
  A frost giant (IceCv)
  6 vault wardens
  4 emperor scorpions (Spider:4)
  A deep elf sorcerer (Vaults:1)
  A juggernaut zombie (Abyss:3)
  3 ironbound thunderhulks
  7 ironbound preservers
  5 dire elephants
  A deep elf death mage (Vaults:3)
  A deep elf annihilator (Vaults:2)
  2 war gargoyles
  An ettin (Orc:1)
  A crystal guardian (Vaults:2)
  6 entropy weavers
  An entropy weaver (shapeshifter) (D:15)
  2 peacekeepers
  4 great orbs of eyes
  6 yaktaur captains
  9 vault guards
  3 radroaches
  5 hydras
  4 two-headed ogres
  An ice dragon (Lair:5)
  3 catoblepae
  An ironbound frostheart (Vaults:4)
  6 centaur warriors
  A death yak (IceCv)
  A boulder beetle (Vaults:1)
  A deep elf knight (D:13)
  3 demonic crawlers
  2 tengu warriors
  5 orc high priests
  A soul eater (Vaults:2)
  A wretched star (Abyss:3)
  3 pharaoh ants
  5 skeletal warriors
  5 orb spiders
  A deep elf archer (D:13)
  26 deep trolls
  3 arcanists (Vaults:1)
  11 lindwurms
  6 ironbound convokers
  3 obsidian bats
  5 steelbarb worms
  Pikel (D:5)
  2 phantasmal warriors
  2 necromancers
  4 orc knights
  9 ugly things
  6 harpies
  2 oklob plants (Lair:5)
  16 wolf spiders
  2 deep elf pyromancers
  2 manticores (Lair:5)
  3 orc sorcerers
  2 cyclopes
  A moth of wrath (Spider:4)
  2 black mambas
  6 elephants (Lair:5)
  2 torpor snails (Spider:4)
  7 vault sentinels
  13 cane toads
  A cane toad (shapeshifter) (D:13)
  6 kobold blastminers
  2 gargoyles
  11 rime drakes
  7 komodo dragons
  4 kobold demonologists
  A freezing wraith (D:14)
  20 yaktaurs
  2 tengu conjurers (D:13)
  A troll (shapeshifter) (D:14)
  A hornet (D:9)
  5 trolls
  5 polar bears
  19 jumping spiders
  22 tarantellas
  4 raiju (Abyss:3)
  13 blink frogs
  27 slime creatures
  2 wraiths
  7 wyverns
  A ynoxinul (Abyss:2)
  18 culicivoras
  24 yaks
  A spriggan (shapeshifter) (D:13)
  3 vampires
  A human (D:13)
  Eustachio (D:6)
  9 vampire mosquitoes
  2 steam dragons (Lair:5)
  5 basilisks
  2 wargs (Orc:1)
  41 redbacks
  A neqoxec (Abyss:3)
  A swamp worm (Lair:2)
  5 acid dragons
  11 water moccasins
  A knight (Vaults:3)
  A swamp drake (Lair:5)
  A meliai simulacrum (D:14)
  Duvessa (D:6)
  2 black bears
  22 orc warriors
  6 ogres
  10 centaurs
  10 wolves
  A starcursed mass (Abyss:3)
  A lemure (D:5)
  An elf zombie (Ossuary)
  A weeping skull (Ossuary)
  3 kobold brigands (D:8)
  13 bullfrogs
  4 gnoll sergeants
  2 burial acolytes (Ossuary)
  2 wights
  Dowan (D:6)
  7 killer bees
  8 electric eels
  A centaur zombie (Ossuary)
  4 hounds
  An iron imp (Orc:1)
  A bombardier beetle (D:4)
  2 jellies
  7 orc priests
  3 gnoll boudas
  2 human zombies (Ossuary)
  2 sleepcaps
  8 iguanas
  16 orc wizards
  3 hell rats (Lair:4)
  4 hound zombies (Ossuary)
  2 mummies (Ossuary)
  Robin (D:2)
  34 gnolls
  6 adders
  2 shadow imps
  A white imp (Orc:1)
  A ribbon worm (D:5)
  5 dart slugs
  61 orcs
  8 ball pythons
  6 endoplasms
  2 giant cockroaches
  3 gnoll zombies (Ossuary)
  25 goblins
  10 hobgoblins
  A quokka (D:4)
  8 bats
  2 frilled lizards (D:1)
  26 kobolds
  2 orc zombies (Ossuary)
  5 rats
903 creatures vanquished.

Vanquished Creatures (collateral kills)
  A bone dragon (Abyss:3)
  A tentacled starspawn (Abyss:3)
  Aizul (Vaults:2)
  A tengu reaver (Vaults:3)
  3 emperor scorpions (Spider:4)
  2 ghost moths (Spider:4)
  Louise (Spider:4)
  2 ironbound preservers
  A broodmother (Spider:3)
  2 ironbound thunderhulks (Vaults:4)
  A stone giant (Vaults:1)
  5 dire elephants
  A bunyip (Abyss:3)
  A jiangshi (Vaults:2)
  A vault guard (Vaults:4)
  4 great orbs of eyes (Vaults:4)
  2 hydras
  An ogre mage (Orc:2)
  A centaur warrior (D:13)
  A two-headed ogre (D:14)
  A boulder beetle (Spider:2)
  7 death yaks (IceCv)
  A demonic crawler (Spider:1)
  A tengu warrior (D:14)
  3 thrashing horrors (Abyss:3)
  A skeletal warrior (D:12)
  2 orb spiders (Spider:4)
  3 large abominations (Abyss:3)
  5 deep trolls
  A sun moth (Spider:1)
  A swamp dragon (Lair:5)
  2 lindwurms
  A deep elf zephyrmancer (Orc:1)
  2 steelbarb worms
  3 orc knights
  2 wolf spiders
  2 oklob plants
  2 harpies
  3 ugly things
  An orc sorcerer (Orc:2)
  A moth of wrath (Spider:4)
  A kobold blastminer (Orc:2)
  A black mamba (Lair:2)
  An ice statue (IceCv)
  8 vault sentinels
  A cane toad (Lair:5)
  A gargoyle (D:13)
  9 yaktaurs
  5 rime drakes
  A komodo dragon (Lair:4)
  A kobold demonologist (D:14)
  2 trolls
  2 polar bears
  2 jumping spiders
  3 blink frogs
  2 tarantellas
  A wind drake (shapeshifter) (D:15)
  6 slime creatures
  6 culicivoras
  9 yaks
  A vampire mosquito (D:13)
  A neqoxec (Abyss:3)
  19 redbacks
  A swamp worm (Lair:2)
  2 acid dragons
  A hell hound (D:14)
  5 orc warriors
  A swamp drake (Lair:5)
  2 ogres
  A centaur (D:10)
  4 wolves (IceCv)
  A kobold brigand (D:11)
  3 bullfrogs
  A crimson imp (Orc:1)
  An orc priest (Orc:1)
  An iguana (Lair:5)
  3 orc wizards
  A hell rat (Lair:4)
  7 orcs
196 creatures vanquished.

Vanquished Creatures (others)
  A harpy (Vaults:3)
  An ugly thing (D:15)
  A tarantella (Spider:4)
  An orc warrior (Orc:2)
  29 knights
  An orc priest (Orc:2)
  3 ancestors
  2 orc wizards
  An orc (Orc:1)
  2 starspawn tentacles (Abyss:3)
42 creatures vanquished.

Grand Total: 1141 creatures vanquished

Notes
Turn   | Place    | Note
-------+----------+-------------------------------------------
     0 | D:1      | ViolentViolet the Demonspawn Alchemist began the quest for
                  | the Orb.
     0 | D:1      | Reached XP level 1. HP: 13/13 MP: 3/3
   349 | D:1      | Gained mutation: Spells you cast may paralyse adjacent
                  | enemies. [demonic ancestry]
   349 | D:1      | Reached XP level 2. HP: 19/19 MP: 3/5
   352 | D:1      | Learned a level 2 spell: Mercury Vapours
  1000 | D:2      | Gained mutation: You are partially covered in thin metallic
                  | scales. (AC +2) [demonic ancestry]
  1000 | D:2      | Reached XP level 3. HP: 24/24 MP: 6/6
  1081 | D:2      | Learned a level 3 spell: Mephitic Cloud
  1148 | D:2      | Noticed Robin
  1645 | D:2      | Killed Robin
  1830 | D:2      | Found a faded altar of an unknown god.
  1910 | D:3      | Gained mutation: You have large cloven feet. [demonic
                  | ancestry]
  1910 | D:3      | Reached XP level 4. HP: 30/30 MP: 5/8
  2539 | D:3      | You fall into a shaft and drop 3 floors!
  2877 | D:6      | Noticed Duvessa
  2878 | D:6      | Noticed Eustachio
  2946 | D:6      | Noticed a black bear
  2987 | D:5      | Entered Level 5 of the Dungeon
  2987 | D:5      | Noticed a lemure
  2992 | D:5      | Noticed Pikel
  2996 | D:5      | Noticed a lemure
  2996 | D:5      | Noticed a lemure
  2997 | D:5      | Noticed a phantom
  3007 | D:5      | Found a glowing drain.
  3007 | D:5      | Noticed Menkaure
  3007 | D:5      | Noticed a centaur
  3109 | D:4      | Reached skill level 1 in Short Blades
  3109 | D:4      | Reached skill level 1 in Air Magic
  3109 | D:4      | Reached XP level 5. HP: 30/35 MP: 7/9
  3605 | D:5      | Noticed an ogre
  4304 | D:4      | Noticed a water moccasin
  4474 | D:4      | Found a bloodstained altar of Trog.
  4797 | D:5      | Noticed a lemure
  4814 | D:5      | Killed a lemure
  4839 | D:5      | Killed Pikel
  4840 | D:5      | Reached skill level 1 in Fighting
  4840 | D:5      | Reached skill level 5 in Alchemy
  4840 | D:5      | Gained mutation: Spells you cast may paralyse nearby
                  | enemies. [demonic ancestry]
  4840 | D:5      | Reached XP level 6. HP: 43/43 MP: 6/10
  4840 | D:5      | Reached XP level 7. HP: 48/48 MP: 6/11
  4913 | D:5      | Learned a level 3 spell: Swiftness
  5633 | D:5      | Gained mutation: You have hoof-like feet. [demonic
                  | ancestry]
  5633 | D:5      | Reached XP level 8. HP: 21/54 MP: 1/12
  5892 | D:6      | Identified a scroll of acquirement
  5893 | D:6      | Acquired a +2 quick blade of freezing
  6238 | D:6      | Reached skill level 1 in Ranged Weapons
  6359 | D:6      | Learned a level 4 spell: Olgreb's Toxic Radiance
  6656 | D:6      | Reached skill level 2 in Ranged Weapons
  6933 | D:6      | Killed Duvessa
  6958 | D:6      | Noticed Dowan
  6964 | D:6      | Killed Dowan
  7073 | D:6      | Killed Eustachio
  7251 | D:7      | Reached skill level 3 in Ranged Weapons
  7251 | D:7      | Gained mutation: You are mostly covered in thin metallic
                  | scales. (AC +3) [demonic ancestry]
  7251 | D:7      | Reached XP level 9. HP: 55/61 MP: 10/13
  7308 | D:7      | Found a sand-covered staircase.
  7368 | Ossuary  | Entered an ossuary
  7511 | Ossuary  | Found an ancient bone altar of Kikubaaqudgha.
  7617 | Ossuary  | Reached skill level 5 in Short Blades
  7991 | D:7      | Found a staircase to the Ecumenical Temple.
  8009 | Temple   | Entered the Ecumenical Temple
  8034 | Temple   | Became a worshipper of Hepliaklqana the Forgotten
  8039 | Temple   | Learned a level 3 spell: Stone Arrow
  8103 | D:7      | Noticed a two-headed ogre
  8115 | D:7      | Killed a two-headed ogre
  8116 | D:7      | Reached skill level 4 in Ranged Weapons
  8116 | D:7      | Reached skill level 5 in Air Magic
  8116 | D:7      | Reached skill level 1 in Earth Magic
  8630 | D:8      | Reached skill level 5 in Spellcasting
  8766 | D:8      | Found a flagged portal.
  8775 | Bailey   | Entered a bailey
  8902 | Bailey   | Reached XP level 10. HP: 46/68 MP: 5/17
  9853 | Bailey   | Acquired a +4 hand cannon of electrocution
 10064 | Bailey   | Found an iron altar of Okawaru.
 10293 | Bailey   | Reached skill level 6 in Ranged Weapons
 10293 | Bailey   | Reached skill level 5 in Earth Magic
 10293 | Bailey   | Reached XP level 11. HP: 81/81 MP: 18/18
 10298 | Bailey   | Learned a level 3 spell: Passwall
 10492 | D:8      | Reached skill level 7 in Ranged Weapons
 10535 | D:8      | Found a staircase to the Lair.
 10629 | D:8      | Noticed a skeletal warrior
 10708 | D:8      | Noticed a centaur warrior
 10711 | D:8      | Identified the scarf of the Sheltering Gods {rC+ rF+, rPois
                  | Dex+3}
 10722 | D:8      | Killed a centaur warrior
 11118 | D:8      | Killed a skeletal warrior
 11119 | D:8      | Reached skill level 8 in Ranged Weapons
 11119 | D:8      | Reached skill level 1 in Armour
 11302 | D:8      | Noticed an eight-headed hydra
 11305 | D:8      | Killed an eight-headed hydra
 11981 | D:9      | Reached * piety under Hepliaklqana
 12026 | D:9      | Reached skill level 9 in Ranged Weapons
 12403 | D:9      | Gained mutation: A meltable shield of frost defends you.
                  | (SH +4) [demonic ancestry]
 12403 | D:9      | Reached XP level 12. HP: 79/79 MP: 11/19
 12579 | D:10     | Entered Level 10 of the Dungeon
 12671 | D:10     | Reached skill level 1 in Shields
 13603 | D:11     | Found a staircase to the Orcish Mines.
 13924 | D:12     | Reached skill level 5 in Shields
 14024 | D:12     | Noticed a two-headed ogre
 14029 | D:12     | Killed a two-headed ogre
 14078 | D:12     | Reached ** piety under Hepliaklqana
 14335 | D:12     | Found a blossoming altar of Fedhas.
 14354 | D:12     | Remembered your ancestor Yui as a knight
 14573 | D:12     | Found Pazxaih's General Store.
 14577 | D:12     | Bought a scroll of teleportation for 39 gold pieces
 15018 | D:12     | Noticed a two-headed ogre
 15021 | D:12     | Killed a two-headed ogre
 15214 | D:13     | Noticed a vault guard
 15399 | D:13     | Killed a vault guard
 15684 | D:13     | Noticed a centaur warrior
 15692 | D:13     | Killed a centaur warrior
 15898 | D:13     | Gained mutation: A meltable icy envelope protects you from
                  | harm. (AC +4) [demonic ancestry]
 15898 | D:13     | Reached XP level 13. HP: 83/83 MP: 20/20
 15941 | D:13     | Reached skill level 10 in Shields
 16096 | D:13     | Reached *** piety under Hepliaklqana
 16121 | D:13     | Reached skill level 1 in Invocations
 16461 | D:13     | Found a gate to the Vaults.
 16960 | D:14     | Reached skill level 5 in Invocations
 17044 | D:14     | Noticed Agnes
 17056 | D:14     | Killed Agnes
 17842 | D:15     | Entered Level 15 of the Dungeon
 18371 | D:15     | Noticed Azrael
 18566 | Lair:1   | Entered Level 1 of the Lair of Beasts
 18609 | Lair:1   | Reached **** piety under Hepliaklqana
 18796 | Lair:1   | You fall into a shaft and drop 1 floor!
 19132 | Lair:2   | Found a staircase to the Swamp.
 19368 | Lair:1   | Found a runed translucent gate.
 19368 | Lair:1   | Found a runed translucent gate.
 19368 | Lair:1   | Found a runed translucent gate.
 19370 | Lair:1   | Noticed Xoff's ghost (journeyman GnCj)
 19370 | Lair:1   | Noticed Vuorerch's ghost (journeyman DECj)
 19778 | Lair:2   | Reached XP level 14. HP: 90/90 MP: 14/21
 20168 | Lair:2   | Reached ***** piety under Hepliaklqana
 20176 | Lair:2   | Found a hole to the Spider Nest.
 21197 | Lair:4   | Identified the +8 plate armour of the Amoeba {*Slow rF++
                  | Dex+4}
 21323 | Lair:4   | Reached skill level 10 in Alchemy
 21404 | Lair:4   | Got the Excursus on the Impure Brume
 21846 | Lair:5   | Entered Level 5 of the Lair of Beasts
 22981 | Lair:5   | Found a viscous altar of Jiyva.
 23360 | Lair:5   | Found a staircase to the Slime Pits.
 23587 | Orc:1    | Entered Level 1 of the Orcish Mines
 23601 | Orc:1    | Gained mutation: You have hooves in place of feet. [demonic
                  | ancestry]
 23601 | Orc:1    | Reached XP level 15. HP: 94/94 MP: 7/22
 24031 | Orc:1    | Found a frozen archway.
 24038 | IceCv    | Entered an ice cave
 24275 | IceCv    | Reached skill level 15 in Shields
 24599 | IceCv    | Noticed a frost giant
 24609 | IceCv    | Killed a frost giant
 24932 | Orc:1    | Found a transporter.
 25161 | Orc:1    | Found Puic's General Store.
 25170 | Orc:1    | Bought a scroll of teleportation for 42 gold pieces
 25298 | Orc:1    | Learned a level 2 spell: Blink
 25302 | Orc:1    | Identified the +0 hat of Hopscotch {rN+ Will+}
 25303 | Orc:1    | Identified the +0 hat of Music {rC+ Str+2 Int-3 Stlth+}
 25418 | Orc:2    | Entered Level 2 of the Orcish Mines
 25425 | Orc:2    | Reached skill level 10 in Ranged Weapons
 25434 | Orc:2    | Reached skill level 1 in Translocations
 25730 | Orc:1    | Found a bloodstained altar of Trog.
 25730 | Orc:1    | Found the necklace of Bloodlust {Fury *Rage Will++ Int-3
                  | Slay+6}
 25841 | Orc:2    | Found a staircase to the Elven Halls.
 25859 | Orc:2    | Reached ****** piety under Hepliaklqana
 26227 | Orc:2    | Found Ehi Heev's Armour Emporium.
 26227 | Orc:2    | Found Zoxkatz's Antique Armour Boutique.
 26229 | Orc:2    | Found Powejoax's Armour Emporium.
 26229 | Orc:2    | Found Usehar's Antique Weapon Boutique.
 26740 | Spider:1 | Entered Level 1 of the Spider Nest
 26761 | Spider:1 | Reached skill level 11 in Ranged Weapons
 26787 | Spider:1 | HP: 4/97 [radroach (18)]
 27006 | Spider:1 | Reached XP level 16. HP: 103/103 MP: 5/23
 27234 | Spider:1 | You fall into a shaft and drop 1 floor!
 28239 | Spider:2 | Reached skill level 5 in Dodging
 28425 | Spider:2 | Reached skill level 12 in Ranged Weapons
 28756 | Spider:3 | Identified the +5 ring mail "Xaengux" {rN++}
 28917 | Spider:3 | Noticed Arachne
 28933 | Spider:3 | Killed Arachne
 29710 | Spider:4 | Entered Level 4 of the Spider Nest
 29781 | Spider:4 | Reached skill level 5 in Translocations
 29804 | Spider:4 | Learned a level 4 spell: Ignite Poison
 29953 | Spider:4 | Reached skill level 1 in Fire Magic
 30051 | Spider:4 | Identified the +4 tower shield "Nuphon" {rC+ Will+ Int-5
                  | SInv}
 30051 | Spider:4 | Noticed Louise
 30058 | Spider:4 | Killed Louise
 30253 | Spider:4 | Reached skill level 5 in Fire Magic
 31080 | Spider:4 | Reached XP level 17. HP: 94/110 MP: 1/24
 31254 | Spider:4 | Got a gossamer rune of Zot
 31844 | D:12     | Found a blossoming altar of Fedhas.
 32323 | D:12     | Found Pazxaih's General Store.
 32509 | Vaults:1 | Entered Level 1 of the Vaults
 32518 | Vaults:1 | Reached skill level 13 in Ranged Weapons
 32534 | Vaults:1 | Reached skill level 1 in Throwing
 32534 | Vaults:1 | Reached skill level 1 in Evocations
 32839 | Abyss:2  | Cast into level 2 of the Abyss (a deep elf sorcerer)
 32877 | Abyss:3  | Found a corrupted altar of Lugonu.
 32939 | Abyss:3  | Noticed a bone dragon
 32942 | Abyss:3  | Noticed a bone dragon
 32953 | Abyss:3  | Killed a bone dragon
 32954 | Abyss:3  | Reached skill level 5 in Stealth
 32956 | Abyss:3  | Noticed a tentacled monstrosity
 33067 | Vaults:1 | Escaped the Abyss
 33241 | Vaults:1 | Noticed Nikola
 33290 | Vaults:1 | Killed Nikola
 33291 | Vaults:1 | Reached skill level 14 in Ranged Weapons
 33961 | Vaults:1 | Identified the +9 battleaxe of the Telling Wasp {chaos, rF+
                  | Int+3 Dex+2 Stlth+}
 34592 | Vaults:2 | Reached skill level 10 in Invocations
 34919 | Vaults:2 | Reached skill level 15 in Ranged Weapons
 35127 | Vaults:2 | Reached XP level 18. HP: 117/117 MP: 25/25
 35260 | Vaults:2 | Identified the serpent talisman of Devotion {rC++ Str+4}
 35260 | Vaults:2 | Noticed Aizul
 35498 | Vaults:2 | Found a staircase to the Crypt.
 35527 | Vaults:2 | Killed Aizul
 35768 | Vaults:2 | Found a runed translucent gate.
 35768 | Vaults:2 | Found a runed translucent gate.
 35769 | Vaults:2 | Found a runed translucent gate.
 35769 | Vaults:2 | Noticed Fieg's ghost (veteran HuWn)
 35845 | Vaults:2 | Reached skill level 16 in Ranged Weapons
 36583 | Vaults:3 | You fall into a shaft and drop 1 floor!
 37325 | Vaults:3 | Identified the +0 ring mail of Benevolence {rPois rC- rCorr
                  | SInv}
 37331 | Vaults:3 | Identified the +1 chain mail of Conscience {-Tele Harm
                  | Dex+5}
 37360 | Vaults:3 | Reached skill level 17 in Ranged Weapons
 38153 | Vaults:3 | Mangled by a vault warden

Illustrated notes

Levels and vault maps discovered:
D:1:      dpeg_arrival_lava_temple_mockup, layout_rooms
D:2:      layout_loops_ring, hellmonk_ecumenical_altar_inner_sanctum, uniq_robin
D:3:      layout_loops_ring, minmay_increasing_density
D:4:      layout_basic, trog_book
D:5:      layout_basic, cheibrodos_sewer_entry_drain, minmay_misc_feat_pillars,
          uniq_menkaure, uniq_pikel
D:6:      layout_layer_cave, uniq_duvessa, uniq_eustachio
D:7:      layout_loops_cross, minmay_temple_entry_gardened_gates,
          enter_ossuary_5
D:8:      minmay_the_grid_four_pointed_star
          [minmay_the_grid_triangle_9x9_sparse_checkered,
          minmay_the_grid_triangle_9x9_minimal,
          minmay_the_grid_triangle_9x9_negative_grid,
          minmay_the_grid_triangle_9x9_longest,
          minmay_the_grid_prize_trominoes], layout_loops_cross, enter_bailey_7,
          kennysheep_generic_room_15
D:9:      layout_loops_corners, minmay_quadrilaterals
D:10:     layout_rooms, kennysheep_nub
D:11:     layout_basic, david_orc_4
D:12:     layout_cave_pods, serial_shops, nicolae_shop_back_alley_shop,
          fedhas_altar_2
D:13:     layout_basic, grunt_vaults_entry_fortified
D:14:     layout_grid_maze, uniq_agnes
D:15:     gammafunk_depths_entry_grave, layout_cave_pools, serial_rivers,
          chequers_serial_rivers_small_a, chequers_serial_rivers_micro_b,
          chequers_serial_rivers_marsh, chequers_serial_rivers_large_b,
          kennysheep_pointless_box, cheibrodos_ashenzari_chains, uniq_nessos,
          uniq_azrael
Temple:   regret_index_temple_sigil_plot
Lair:1:   layout_cave_pods, gammafunk_ghost_cemetery, beast_lair_carwin_2
Lair:2:   layout_loops_ring, nicolae_swamp_entry_splash_gauntlet,
          spider_nest_entry_web_field
Lair:3:   layout_hall_layers, lemuel_fruit_tree
Lair:4:   layout_regular_city, small_statue_intersection
Lair:5:   hangedman_lair_in_review, layout_loops_ring, guppyfry_lair_end_dragon,
          minmay_slime_entry_oklob_enclosed
Spider:1: layout_spider_delve
Spider:2: layout_cave_pods
Spider:3: layout_spider_delve, hangedman_spider_tarantella_strand, uniq_arachne
Spider:4: grunt_spider_rune_circles, uniq_louise
Orc:1:    emtedronai_trogs_sanctum, layout_caves, serial_shops, shop_fountains,
          portal_ice_cave_rime, hangedman_minor_magic
Orc:2:    grunt_orc_tribal_feast, layout_caves
Vaults:1: vaults_standard_mumra_x, v_misc_31, hangedman_vaults_cutoff,
          vaults_room_hangedman_quadrants, nicolae_vaults_trapezoid_lopsided_2,
          vaults_room_boxed, hangedman_vaults_trim, v_misc_26,
          layout_vaults_quadrants, uniq_nikola
Vaults:2: gammafunk_ghost_split, v_pattern_5, nicolae_whirlpool,
          nicolae_vaults_asterisk, minmay_crypt_entry_simple_corners,
          nicolae_vaults_hallways_thing, grunt_vaults_twisty,
          nicolae_vaults_house_3, vaults_dpeg_emergency_exit,
          vaults_dpeg_encased_lava, nicolae_vaults_tetromino_T_1,
          layout_vaults_ring, uniq_aizul
Vaults:3: nicolae_vaults_variable_pillar_hall, nicolae_vaults_museum,
          nicolae_vaults_trapezoid_layered, nicolae_vaults_diamond_2,
          nicolae_vaults_tetromino_Z_1, nicolae_vaults_doubleplus_tesselated,
          nicolae_vaults_ninety_degrees, minmay_orc_keep, grunt_vaults_diagonal,
          nicolae_vaults_network_barrier, nicolae_vaults_yaktaur_gun_rack,
          nicolae_vaults_trapezoid_lopsided_1, layout_vaults_big_cross
Vaults:4: nicolae_vaults_little_squares_5, nicolae_vaults_little_squares_6,
          vaults_mumra_chevron_long, grunt_vaults_funnel,
          ontoclasm_vaults_gateway, nooodl_orcs_dogs,
          nicolae_vaults_sesquioval_fish, nicolae_vaults_heist,
          nicolae_vaults_shelves_hall, nicolae_vaults_house_1, vaults_dpeg_ring,
          layout_vaults_chaotic_city, serial_shops, nicolae_shop_hallway_stairs

Skill      XL: |  1  2  3  4  5  6  7  8  9 10 11 12 13 14 15 16 17 18 |
---------------+-------------------------------------------------------+-----
Alchemy        | 4 5 6 7 9 10 | 10.0
Stealth        | 2 3 4 5 |  5.3
Short Blades   | 1 3 4 5 6 7 |  7.0
Air Magic      | 1 3 4 5 7 8 |  8.0
Spellcasting   | 3 5 |  5.0
Conjurations   | 3 4 |  4.0
Fighting       | 1 2 6 7 8 9 |  9.8
Ranged Weapons | 3 4 6 9 11 12 15 17 | 17.7
Earth Magic    | 1 5 |  5.2
Dodging        | 3 4 5 6 |  6.0
Armour         | 2 4 |  4.1
Shields        | 9 11 14 15 | 15.1
Invocations    | 8 10 | 10.0
Translocations | 3 5 |  5.0
Fire Magic     | 7 |  7.0
Throwing       | 3 |  3.2
Evocations     | 1 4 |  4.0

Action                     |  1- 3 |  4- 6 |  7- 9 | 10-12 | 13-15 | 16-18 || total
---------------------------+-------+-------+-------+-------+-------+-------++-------
  Melee: Dagger            |    19 |    38 |     9 |       |       |       ||    66
         Unarmed           |     1 |       |       |       |       |       ||     1
         Kick              |       |     8 |    30 |    38 |    82 |    29 ||   187
         Quick blade       |       |       |   113 |   122 |   225 |    69 ||   529
   Fire: Shortbow          |       |       |    43 |       |       |       ||    43
         Hand cannon       |       |       |       |   171 |   533 |   931 ||  1635
  Throw: Dart              |       |       |       |       |       |     2 ||     2
   Cast: Sting             |    68 |    59 |    94 |    46 |     5 |       ||   272
         Mephitic Cloud    |       |       |     3 |     8 |    32 |    82 ||   125
         Olgreb's Toxic Ra |       |       |    15 |    46 |    95 |    61 ||   217
         Stone Arrow       |       |       |     1 |    11 |     2 |     4 ||    18
         Swiftness         |       |       |     1 |       |     3 |     2 ||     6
         Ignite Poison     |       |       |       |       |       |    11 ||    11
 Invoke: Ancestor Identity |       |       |       |     1 |       |       ||     1
         Ancestor Life: Kn |       |       |       |     1 |       |       ||     1
         Recall Ancestor   |       |       |       |       |     6 |    12 ||    18
         Idealise          |       |       |       |       |     2 |     7 ||     9
  Evoke: Wand              |       |       |       |     1 |     5 |     4 ||    10
         Tin of tremorston |       |       |       |       |     4 |     1 ||     5
         Phantom mirror    |       |       |       |       |     1 |     2 ||     3
         Phial of floods   |       |       |       |       |     1 |     1 ||     2
    Use: Scroll            |       |     4 |    11 |     8 |     9 |    15 ||    47
         Potion            |       |     2 |       |     1 |     3 |     7 ||    13
   Stab: Paralysed         |    13 |    21 |    34 |    44 |    40 |    28 ||   180
         Sleeping          |     1 |     3 |     6 |       |     1 |       ||    11
         Confused          |       |       |       |     1 |     4 |     7 ||    12
         Distracted        |       |       |       |       |       |     1 ||     1
 Armour: Robe              |    25 |    34 |    56 |    21 |       |       ||   136
         Leather armour    |       |       |       |    84 |     1 |       ||    85
         Troll leather arm |       |       |       |       |   241 |   233 ||   474
  Dodge: Dodged            |    14 |    27 |    40 |    94 |   117 |   153 ||   445
  Block: Kite shield       |       |       |       |    17 |   283 |   405 ||   705
         Other             |       |       |       |    11 |       |       ||    11
         Buckler           |       |       |       |       |    47 |       ||    47

Table legend: (Time is in decaauts)
 A = Elapsed time spent in this place.
 B = Non-inter-level travel time spent in this place.
 C = Inter-level travel time spent in this place.
 D = Time resting spent in this place.
 E = Time spent auto-exploring this place.
 F = Levels seen in this place.
 G = Mean time per level.
                   A        B        C        D        E       F      G
               +--------+--------+--------+--------+--------+-----+--------+
         Total |  38889 |  36619 |   2270 |   6513 |  21150 |  36 | 1080.2 |
       Dungeon |  17858 |  16433 |   1425 |   2660 |   9996 |  15 | 1190.5 |
        Temple |     48 |     30 |     18 |      0 |      0 |   1 |   48.0 |
          Lair |   5329 |   4975 |    354 |    473 |   3704 |   5 | 1065.8 |
   Spider Nest |   4723 |   4558 |    165 |    623 |   3001 |   4 | 1180.8 |
  Orcish Mines |   2168 |   2038 |    130 |    273 |   1183 |   2 | 1084.0 |
        Vaults |   5570 |   5394 |    176 |   1326 |   2256 |   4 | 1392.5 |
         Abyss |    243 |    243 |      0 |      3 |    117 |   2 |  121.5 |
       Ossuary |    477 |    477 |      0 |      0 |    314 |   1 |  477.0 |
        Bailey |   1569 |   1569 |      0 |   1015 |     47 |   1 | 1569.0 |
      Ice Cave |    899 |    899 |      0 |    140 |    531 |   1 |  899.0 |
               +--------+--------+--------+--------+--------+-----+--------+

Top non-repeatable levels by time:
Vaults:1: 2040 daAuts
    D:12: 2005 daAuts
     D:6: 1802 daAuts
    D:14: 1694 daAuts
Vaults:2: 1671 daAuts
  Lair:5: 1652 daAuts
   Orc:1: 1596 daAuts
  Bailey: 1569 daAuts
    D:13: 1525 daAuts
Spider:4: 1518 daAuts
     D:5: 1455 daAuts
     D:8: 1408 daAuts
  Lair:2: 1373 daAuts
Spider:3: 1229 daAuts
     D:3: 1163 daAuts
